[Event "*** Titled Tuesday Blitz"]
[Site "Chess.com"]
[Date "2021.04.06"]
[Round "5"]
[White "jonaszmb"]
[Black "GregShahade"]
[Result "0-1"]
[WhiteElo "2506"]
[BlackElo "2716"]
[TimeControl "180+1"]
[EndTime "10:57:44 PDT"]
[Termination "GregShahade won by checkmate"]

1. d4 Nf6 2. c4 g6 3. Nf3 Bg7 4.
g3 d5 5. cxd5 Nxd5 6. Bg2 Nb6 7.
O-O Nc6 8. Nc3 Nxd4 9. Nxd4 Qxd4 10. Qxd4 Bxd4 11. Nb5 Be5 12. Bf4 Bxf4 13. gxf4 Kd8 14. Rfd1+ Nd7 15. Rac1 c6 16. Nd4 a5 17. Rc2 Ra6 18.
Bxc6 bxc6 19. Nxc6+ Rxc6 20. Rxc6 Bb7 21. Rc5 a4 22.
Rb5 Bc8 23. Ra5 Bb7 24. Ra7 Bc8 25. Rxa4 Kc7 26. Ra7+ Kc6 27. Rc1+ Kd6 28. Ra8 Nb6 29. Ra6 Bxa6 30. e3 Rc8 31. Rd1+ Ke6 32. Kg2 Bb7+ 33. Kg3 Nc4 34. b3 Nd6 35. f3 Nf5+ 36. Kf2 Rc2+ 37. Ke1 Nxe3 38. Rd3 Nd5 39. a4 Rxh2 40. a5 Ba6 41. Rd4 h5 42. b4 h4 43. Re4+ Kd6 44. Rd4 h3 45. f5 g5 46. f6 Re2+ 47. Kd1 exf6 48. b5 Bxb5 49. a6 h2 50. Rh4 gxh4 51. a7 h1=Q# 0-1

[Event "*** Titled Tuesday Blitz"]
[Site "Chess.com"]
[Date "2021.04.06"]
[Round "5"]
[White "Annagozel"]
[Black "Rafael_Ventura"]
[Result "0-1"]
[WhiteElo "1807"]
[BlackElo "2171"]
[TimeControl "180+1"]
[EndTime "10:57:44 PDT"]
[Termination "Rafael_Ventura won on time"]

1. e4 c5 2. Nf3 d6 3. d4 cxd4 4.
Nxd4 Nf6 5. Nc3 a6 6. Bg5 e6 7. Qe2 Nbd7 8. O-O-O Qc7 9. f4 Be7 10. g4 b5 11. Bg2 Bb7 12. e5 dxe5 13. fxe5 Ng8 14.
Bxe7 Nxe7 15. Ndxb5 axb5 16. Nxb5 Qxe5 17. Qxe5 Nxe5 18.
Nd6+ Kf8 19. Bxb7 Rb8 20. a4 N7c6 21. Rhf1 f6 22. c3 Ke7 23. b4 Rhd8 24. Bxc6 Rxd6 25. Rxd6 Kxd6 26. Be4 Nxg4 27. a5 f5 28. Bg2 Ne3 29. Rf2 g5 30. Rd2+ Ke5 31. a6 Nxg2 32. Rxg2 g4 33.
Kd2 h6 34. Ke2 h5 35. h3 Kf4 36. hxg4 hxg4 37. Kf2 Kg5 38. Rg1 f4 39. Rb1 g3+ 40. Kf3 Kf5 41. b5 e5 42. a7 e4+ 43. Kg2 Rh8 44.
b6 Kg4 45. b7 f3+ 46. Kg1 f2+ 47. Kf1 Rh1+ 48. Ke2 Rxb1 49. b8=Q f1=Q+ 0-1

[Event "*** Titled Tuesday Blitz"]
[Site "Chess.com"]
[Date "2021.04.06"]
[Round "5"]
[White "Valeron87"]
[Black "HouseOfDurin"]
[Result "0-1"]
[WhiteElo "2307"]
[BlackElo "2169"]
[TimeControl "180+1"]
[EndTime "10:57:45 PDT"]
[Termination "HouseOfDurin won by resignation"]

1. e4 c5 2. Nf3 Nc6 3. d4 cxd4 4.
Nxd4 e5 5. Nb5 d6 6. c4 Be6 7. N5c3 Nf6 8. Bd3 Rc8 9. O-O Be7 10. Na3 O-O 11. Nc2 a6 12. Be3 Na5 13. b3 b5 14.
Nd5 bxc4 15. Bb6 Qd7 16. Nxe7+ Qxe7 17. Bxa5 cxd3 18. Qxd3 d5 19. Bb4 dxe4 20. Qxa6 Qc7 21. Bxf8 Kxf8 22. Ne3 Nd7 23. Qa3+ Kg8 24. Rac1 Qb7 25.
Rxc8+ Qxc8 26. Rc1 Qb7 27. Qd6 g6 28. Rc7 Qb5 29. g3 Bh3 30. Qd2 Nc5 31. Nc4 Nd3 32. Re7 f6 33. Qe3 Qb4 34. Qd2 Qxe7 35. a4 Qc5 36. a5 Qc6 37. Qe3 f5 38. Qa7 f4 39. Qb8+ Kg7 40. Qxe5+ Nxe5 0-1

[Event "*** Titled Tuesday Blitz"]
[Site "Chess.com"]
[Date "2021.04.06"]
[Round "5"]
[White "Izoria123"]
[Black "horripile"]
[Result "1-0"]
[WhiteElo "2807"]
[BlackElo "2593"]
[TimeControl "180+1"]
[EndTime "10:57:46 PDT"]
[Termination "Izoria123 won by resignation"]

1. Nf3 Nf6 2. c4 e6 3. Nc3 b6 4.
e4 Bb7 5. Bd3 c5 6. O-O Nc6 7.
e5 Ng4 8. Be4 Qb8 9. d4 cxd4 10.
Nxd4 Qxe5 11. Qxg4 Qxd4 12. Nb5 Qe5 13. Bxc6 Bxc6 14.
Bf4 Qe4 15. Rfe1 Qg6 16. Nc7+ Kd8 17. Qxg6 hxg6 18. Nxa8 Bxa8 19. Rad1 Rh5 20. Bd6 Bxd6 21. Rxd6 Kc7 22. Rd2 a5 23. f4 g5 24. f5 Bc6 25. Rf1 f6 26. fxe6 dxe6 27. b3 Rh8 28. h3 e5 29. Kf2 f5 30. Rfd1 Rh6 31. Rd8 e4 32. Rf8 Rf6 33. Rdd8 f4 34. Rxf6 gxf6 35. Rf8 e3+ 36. Kf1 e2+ 37. Kf2 Bxg2 38. Rxf6 Bxh3 39.
Kxe2 Bd7 40. Kd3 g4 41. Rxf4 Kd6 42. Rf7 Be6 43. Rg7 1-0

[Event "*** Titled Tuesday Blitz"]
[Site "Chess.com"]
[Date "2021.04.06"]
[Round "5"]
[White "Grineva_Marianna"]
[Black "Trickov"]
[Result "1-0"]
[WhiteElo "2257"]
[BlackElo "2385"]
[TimeControl "180+1"]
[EndTime "10:57:46 PDT"]
[Termination "Grineva_Marianna won by checkmate"]

1. e4 c5 2. Nf3 d6 3. d4 Nf6 4.
Nc3 cxd4 5. Nxd4 a6 6. f3 e5 7.
Nb3 Be6 8. Be3 Nbd7 9. g4 b5 10. Nd5 Bxd5 11. exd5 Nb6 12. Bxb6 Qxb6 13. Qd2 Be7 14.
O-O-O O-O 15. h4 a5 16. Kb1 a4 17. Nc1 b4 18. g5 Nh5 19. Bd3 Nf4 20. Be4 b3 21. cxb3 axb3 22. Nxb3 Rfb8 23. Rc1 Qa7 24. Rc3 Qxa2+ 25. Kc2 Qa7 26. Ra1 Qb6 27. Rxa8 Rxa8 28. Qe3 Qb7 29. Rc6 g6 30. Qc3 Bf8 31. Rc7 Qb6 32. Qc6 Qf2+ 33. Nd2 Rb8 34. Qd7 Rxb2+ 35. Kxb2 Qxd2+ 36. Kb3 Qd1+ 37. Kb4 Qd2+ 38. Kb5 Qb2+ 39. Ka6 Qa3+ 40. Kb7 Qb3+ 41. Kc8 Nxd5 42. Qxf7+ Kh8 43. Qxh7# 1-0

[Event "*** Titled Tuesday Blitz"]
[Site "Chess.com"]
[Date "2021.04.06"]
[Round "5"]
[White "KetiGrant"]
[Black "LenkaPtacnikova"]
[Result "1-0"]
[WhiteElo "2352"]
[BlackElo "2187"]
[TimeControl "180+1"]
[EndTime "10:57:46 PDT"]
[Termination "KetiGrant won on time"]

1. e4 c5 2. Nf3 e6 3. d4 cxd4 4. Nxd4 Nf6 5. Nc3 Nc6 6. Ndb5 Bb4 7. a3 Bxc3+ 8. Nxc3 d5 9. exd5 exd5 10. Bd3 O-O 11. O-O d4 12. Ne2 Bg4 13. f3 Bh5 14. Ng3 Bg6 15. Bg5 Ne5 16. Bxg6 fxg6 17. Qe2 Re8 18.
Rad1 Qb6 19. Qf2 Rad8 20. b3 d3 21. Qxb6 axb6 22. c4 h6 23. Bxf6 gxf6 24. Ne4 Kf7 25. Rd2 f5 26. Nc3 Nc6 27. Nd5 b5 28. Rxd3 bxc4 29.
bxc4 Ne5 30. Rb3 Nxc4 31. Rxb7+ Kf8 32. Nf4 g5 33. Ng6+ Kg8 34. h4 gxh4 35. Rc1 Rd4 36. a4 Re2 37. a5 h3 38. gxh3 Rdd2 39. Nf4 1-0

[Event "*** Titled Tuesday Blitz"]
[Site "Chess.com"]
[Date "2021.04.06"]
[Round "5"]
[White "Susal_De_Silva"]
[Black "Savagelittlemole"]
[Result "1-0"]
[WhiteElo "2684"]
[BlackElo "2496"]
[TimeControl "180+1"]
[EndTime "10:57:47 PDT"]
[Termination "Susal_De_Silva won by resignation"]

1. e4 c5 2. Nf3 d6 3. Bb5+ Nd7 4. Ba4 g6 5. O-O Bg7 6. d3 Nf6 7. c4 O-O 8. Nc3 Nb6 9. Bb3 Bg4 10. h3 Bxf3 11. Qxf3 Nfd7 12. Be3 Ne5 13. Qe2 Nc6 14. Qd2 a6 15. Ne2 Nd7 16. f4 f5 17. exf5 Rxf5 18. Ng3 Rf7 19. f5 Nd4 20. fxg6 Rxf1+ 21. Rxf1 hxg6 22. Bh6 Ne5 23. Bxg7 Kxg7 24. Qg5 e6 25. Nh5+ Kh7 26. Nf6+ Kg7 27. Bd1 Nf5 28. Ne4 Qxg5 29. Nxg5 Re8 30. g4 Ne3 31. Re1 Nxd1 32. Rxd1 Kf6 33.
Ne4+ Ke7 34. Kg2 Rf8 35. Ng5 Rf4 36. Ne4 b6 37. b3 d5 38. Nf2 Rd4 39. Kg3 dxc4 40.
bxc4 b5 41. cxb5 axb5 42. h4 c4 43. dxc4 Rxc4 44. h5 Rc3+ 45. Kg2 gxh5 46. gxh5 Kf6 47. Ne4+ 1-0

[Event "*** Titled Tuesday Blitz"]
[Site "Chess.com"]
[Date "2021.04.06"]
[Round "5"]
[White "Forantes"]
[Black "secretsuperstar7"]
[Result "1-0"]
[WhiteElo "2355"]
[BlackElo "2193"]
[TimeControl "180+1"]
[EndTime "10:57:47 PDT"]
[Termination "Forantes won on time"]

1. Nf3 d5 2. d4 Nf6 3. Bg5 e6 4. e3 c5 5. c3 Nc6 6. Bd3 Bd6 7. h4 h6 8. Bf4 Bxf4 9. exf4 cxd4 10. Nxd4 Nxd4 11.
cxd4 Qb6 12. b3 Bd7 13. Bc2 Bb5 14. Nc3 Ba6 15. Bd3 Qa5 16. Rc1 Rc8 17. Bxa6 Rxc3 18. Bb5+ Qxb5 19. Rxc3 Qb4 20. Qd2 O-O 21. Rc2 Qb5 22.
Qe2 Qb4+ 23. Qd2 Qb5 24. Rc5 Qa6 25. Qe2 Qa3 26. O-O Ne4 27. Rc2 Qb4 28. Qd3 Qd6 29.
g3 f5 30. Rfc1 Kh7 31. Rc7 Qb6 32. Rd7 Qa5 33. Kg2 Qa3 34. Rc2 Qa5 35. Rcc7 1-0

[Event "*** Titled Tuesday Blitz"]
[Site "Chess.com"]
[Date "2021.04.06"]
[Round "5"]
[White "annacramling"]
[Black "tteshan"]
[Result "1-0"]
[WhiteElo "2086"]
[BlackElo "2308"]
[TimeControl "180+1"]
[EndTime "10:57:47 PDT"]
[Termination "annacramling won by checkmate"]

1. d4 Nf6 2. c4 e6 3. Nc3 b6 4.
e4 Bb7 5. Qc2 d6 6. Nf3 Nbd7 7. Bg5 Be7 8. Be2 h6 9. Bh4 g5 10. Bg3 Nh5 11. O-O-O Nf4 12. Bxf4 gxf4 13. e5 Nf8 14. h4 Rg8 15. Rhg1 Bxh4 16. Nxh4 Qxh4 17. Ne4 O-O-O 18. Bf3 d5 19. cxd5 Bxd5 20. Nf6 Bxf3 21. gxf3 Rxg1 22. Rxg1 Nd7 23. Nxd7 Kxd7 24. Qa4+ Ke7 25. Qb4+ c5 26. dxc5 Rc8 27. Kb1 Rxc5 28.
Qd4 Rd5 29. Qb4+ Rc5 30. Qd4 Rd5 31. Qb4+ Kd7 32. Qa4+ Ke7 33. Qxa7+ Rd7 34. Qxb6 Qh2 35. Qc5+ Rd6 36. Qxd6+ Ke8 37. Rg8# 1-0

[Event "*** Titled Tuesday Blitz"]
[Site "Chess.com"]
[Date "2021.04.06"]
[Round "5"]
[White "malakismayil"]
[Black "enriquetejedor"]
[Result "0-1"]
[WhiteElo "2296"]
[BlackElo "2588"]
[TimeControl "180+1"]
[EndTime "10:57:48 PDT"]
[Termination "enriquetejedor won by checkmate"]

1. e4 Nc6 2. Nc3 g6 3. d4 Bg7 4. Nge2 d6 5. Be3 e5 6. d5 Nce7 7. g3 f5 8. Qd2 Nf6 9. f3 c6 10. dxc6 bxc6 11. O-O-O d5 12. f4 Nxe4 13. Nxe4 fxe4 14.
fxe5 Bxe5 15. Bd4 Qd6 16. Bg2 O-O 17. Qc3 Bxd4 18. Nxd4 Bg4 19. Rd2 c5 20. Nb3 Rac8 21.
Bxe4 c4 22. Na5 Qc5 23. Bg2 Rf7 24. h3 Bd7 25. Re1 Rcf8 26. Rxe7 Qxe7 27. Bxd5 Be6 28. Bg2 Rf6 29. Rd1 Rf2 30. Be4 R2f6 31. Nxc4 Qf7 32.
Ne5 Qg7 33. Kb1 Kh8 34. Nd3 Bg8 35. Bg2 Qf7 36. Rc1 Qxa2# 0-1

[Event "*** Titled Tuesday Blitz"]
[Site "Chess.com"]
[Date "2021.04.06"]
[Round "5"]
[White "tjychess"]
[Black "Sychev_Klementy"]
[Result "0-1"]
[WhiteElo "2627"]
[BlackElo "2893"]
[TimeControl "180+1"]
[EndTime "10:57:49 PDT"]
[Termination "Sychev_Klementy won by resignation"]

1. d4 Nf6 2. c4 b6 3. Nc3 Bb7 4. Qc2 d5 5. cxd5 Nxd5 6. Nf3 g6 7. e4 Nxc3 8. bxc3 Bg7 9. Bg5 O-O 10. Rd1 c5 11. d5 Qd6 12. Be2 Nd7 13. O-O f5 14. exf5 Rxf5 15. c4 Raf8 16. Bh4 Ne5 17. Bg3 Qd8 18.
Nxe5 Bxe5 19. Bxe5 Rxe5 20. Bg4 Qd6 21. Be6+ Kg7 22.
Qc3 Rf6 23. f4 Re2 24. g3 Qxe6 25. Rfe1 Rxe1+ 26. Rxe1 Qd6 27. Re6 Qd7 28. Qe5 Kf7 29. Rxf6+ exf6 30. Qb8 b5 31. Qh8 bxc4 32. Qxh7+ Ke8 33.
Qxg6+ Qf7 34. Qe4+ Kf8 35. Qxc4 Qxd5 36. Qxd5 Bxd5 37.
a3 Kf7 38. Kf2 Be6 39. Ke3 Bf5 40. Kd2 Ke6 41. Kc3 Kd5 42. h4 Bg4 0-1

[Event "*** Titled Tuesday Blitz"]
[Site "Chess.com"]
[Date "2021.04.06"]
[Round "5"]
[White "swisspower96"]
[Black "noblerone"]
[Result "1-0"]
[WhiteElo "2554"]
[BlackElo "2386"]
[TimeControl "180+1"]
[EndTime "10:57:49 PDT"]
[Termination "swisspower96 won on time"]

1. d4 d5 2. c4 c6 3. Nf3 Nf6 4. Nc3 dxc4 5. a4 Bf5 6. Ne5 Nbd7 7. Nxc4 Qc7 8. g3 e5 9. dxe5 Nxe5 10. Bf4 Nfd7 11.
Bg2 f6 12. O-O Be6 13. Nxe5 fxe5 14. Be3 Bc5 15. Qc1 O-O 16. Ne4 Bxe3 17. Qxe3 h6 18. a5 a6 19. b4 Rad8 20. Rac1 Nf6 21. Nc5 Bf7 22. h3 Kh8 23. Rfd1 Rfe8 24. Kh2 Qe7 25. Re1 Bd5 26. Nd3 Bxg2 27. Kxg2 Qe6 28. Qb6 Qd5+ 29. Kg1 Rd7 30. Nc5 Rde7 31. e4 Qa2 32. Rcd1 Rf8 33. Nxb7 Nd7 34. Qe3 Ref7 35. Rd2 Qe6 36. Kg2 Nf6 37.
Nc5 Qe7 38. Red1 h5 39. Qg5 1-0

[Event "*** Titled Tuesday Blitz"]
[Site "Chess.com"]
[Date "2021.04.06"]
[Round "5"]
[White "ffbp3q"]
[Black "kamilianin235"]
[Result "0-1"]
[WhiteElo "2373"]
[BlackElo "2254"]
[TimeControl "180+1"]
[EndTime "10:57:49 PDT"]
[Termination "kamilianin235 won on time"]

1. d4 d5 2. c4 dxc4 3. Nf3 Nf6 4. e3 e6 5. Bxc4 c5 6. O-O a6 7. Qe2 b5 8. Bd3 Nbd7 9. a4 b4 10. Nbd2 Bb7 11. e4 cxd4 12. e5 Nd5 13. Nc4 Nc5 14.
Bg5 Qb8 15. Rfe1 h6 16. Bd2 Nb3 17. Rad1 Be7 18. Bc1 O-O 19. Qe4 Nf6 20. Qh4 Nxc1 21. Rxc1 Nd5 22. Qxd4 Rd8 23. Qe4 Nf6 24. Qe2 Nd5 25.
Bb1 Qa7 26. a5 Rac8 27. Nd6 Rxc1 28. Rxc1 Nf4 29. Qc2 g6 30. Qc7 Ne2+ 31. Kf1 Nxc1 32.
Qxe7 Rf8 33. Qxb7 Qxb7 34. Nxb7 Nb3 35. Nd6 Nxa5 36. Bd3 Nc6 37. Bxa6 Rd8 38. Bb5 Nxe5 39. Nxe5 Rxd6 40. Be2 Rd2 0-1

[Event "*** Titled Tuesday Blitz"]
[Site "Chess.com"]
[Date "2021.04.06"]
[Round "5"]
[White "BrandonJacobson"]
[Black "Skatchkov_V"]
[Result "1-0"]
[WhiteElo "2878"]
[BlackElo "2607"]
[TimeControl "180+1"]
[EndTime "10:57:50 PDT"]
[Termination "BrandonJacobson won by resignation"]

1. d4 d5 2. c4 c6 3. cxd5 cxd5 4. Nc3 Nf6 5. Bf4 Nc6 6. e3 Bf5 7. Qb3 Qb6 8. Qxb6 axb6 9. Nf3 e6 10. h3 Bb4 11.
Nd2 O-O 12. Bb5 Rfc8 13. Ke2 Bxc3 14. bxc3 Na7 15. Bd3 Bxd3+ 16. Kxd3 Nb5 17. Rhc1 Ra3 18. Nb3 Ne4 19. c4 dxc4+ 20. Kxe4 g5 21. Bh2 Ra4 22. Nd2 c3 23. Nb3 c2 24. Kd3 Rac4 25. a4 Rc3+ 26. Kd2 Na7 27. Nc5 Rc4 28. Nd7 Rd8 29. Nxb6 Rb4 30. a5 e5 31. Bxe5 Nc6 32. Bg3 f5 33. Rxc2 f4 34. Bh2 Ne5 35. Ke2 Nc6 36. Rac1 Re8 37.
Kf1 Rb5 38. d5 Ne5 39. Rc8 Rxc8 40. Rxc8+ Kf7 41. exf4 gxf4 42. Bxf4 Nd3 43. Be3 Nf4 44. Bxf4 Rb1+ 45. Ke2 1-0

[Event "*** Titled Tuesday Blitz"]
[Site "Chess.com"]
[Date "2021.04.06"]
[Round "5"]
[White "Chigorinetz"]
[Black "rachidhuilda"]
[Result "1-0"]
[WhiteElo "2511"]
[BlackElo "2264"]
[TimeControl "180+1"]
[EndTime "10:57:50 PDT"]
[Termination "Chigorinetz won on time"]

1. e4 d5 2. Nc3 dxe4 3. Nxe4 Qd5 4. Qf3 Nc6 5. Ne2 e5 6. N2c3 Qe6 7. Bb5 Bd7 8. d3 Nf6 9. Be3 Nxe4 10. Nxe4 Be7 11. Bc4 Qg6 12. Nc5 Bxc5 13. Bxc5 Qf6 14. Qxf6 gxf6 15. f4 Be6 16. Bb5 Kd7 17. O-O a6 18.
Ba4 Rhg8 19. Rae1 b5 20. Bb3 Rg6 21. g3 Bxb3 22. axb3 Rg7 23. fxe5 fxe5 24. Rf6 Re8 25. Ref1 Nd8 26. Rxa6 Ne6 27. Be3 h5 28. Rf5 h4 29.
Kf2 hxg3+ 30. hxg3 Rh8 31. Kg2 Rhg8 32. Bf2 Nf4+ 33.
Kf3 Ng6 34. Raf6 Ke7 35. Bc5+ Ke8 36. c4 Rh8 37. d4 Rh2 38. dxe5 Rxb2 39. e6 Rxb3+ 40.
Ke4 fxe6 41. Rxe6+ Kd7 42. Ref6 bxc4 43. g4 c3 44. Kd3 c2+ 45. Kxc2 Rg3 46. g5 Nh4 47.
Rd5+ Kc8 48. Rf4 Ng6 49. Rc4 Ne7 50. Re5 Ng6 51. Rf5 Ne7 52. Rf8+ Kb7 53. Bd4 R7xg5 54. Rf7 1-0

[Event "*** Titled Tuesday Blitz"]
[Site "Chess.com"]
[Date "2021.04.06"]
[Round "5"]
[White "MaxLeto"]
[Black "nss13"]
[Result "0-1"]
[WhiteElo "2359"]
[BlackElo "2523"]
[TimeControl "180+1"]
[EndTime "10:57:50 PDT"]
[Termination "nss13 won by checkmate"]

1. e4 c5 2. Nf3 e6 3. d4 cxd4 4. Nxd4 Nc6 5. Nb5 d6 6. Bf4 e5 7. Be3 Be6 8. c4 Be7 9. Be2 a6 10. N5c3 Bg5 11. O-O Bxe3 12. fxe3 Nf6 13. Qd2 O-O 14.
b3 Qb6 15. Kh1 Rad8 16. Rxf6 gxf6 17. Nd5 Bxd5 18. exd5 Ne7 19. Nc3 f5 20. Rf1 Kh8 21. Bd3 e4 22. Bc2 Rg8 23. Ne2 Rg5 24. Nd4 Rdg8 25.
g3 Qc7 26. Rf4 Qd7 27. Qg2 Ng6 28. Rf2 Ne5 29. Qh3 Ng4 30. Re2 R8g6 31. Qf1 Rh6 32.
Qf4 Rgh5 33. h4 Ne5 34. Re1 Rg6 35. Rf1 Rg4 36. Qf2 Nf3 37. Nxf3 exf3 38. Qxf3 Qe7 39.
Bxf5 Rgxh4+ 40. gxh4 Qxh4+ 41. Kg1 Qh2# 0-1

[Event "*** Titled Tuesday Blitz"]
[Site "Chess.com"]
[Date "2021.04.06"]
[Round "5"]
[White "TC2304"]
[Black "Deepweb2020"]
[Result "0-1"]
[WhiteElo "2291"]
[BlackElo "2527"]
[TimeControl "180+1"]
[EndTime "10:57:50 PDT"]
[Termination "Deepweb2020 won by resignation"]

1. d4 Nf6 2. Bg5 d5 3. Nd2 c5 4. e3 e6 5. Ngf3 Bd6 6. c3 Nbd7 7.
Bd3 h6 8. Bh4 Qe7 9. O-O e5 10.
dxe5 Nxe5 11. Nxe5 Qxe5 12. Bg3 Qe7 13. e4 Bxg3 14.
hxg3 Bg4 15. Bb5+ Kf8 16. Qa4 dxe4 17. Rfe1 g6 18. Nxe4 Be6 19. Nxf6 Qxf6 20. Bd7 Bf5 21. Rad1 Kg7 22. g4 Bxd7 23. Qxd7 b6 24. Rd6 Rad8 25.
Qxd8 Rxd8 26. Rxf6 Kxf6 27. Re2 Rd1+ 28. Kh2 b5 29. Kg3 Rd3+ 30. f3 c4 31. Kf2 a5 32.
Re3 Rd2+ 33. Re2 Rd1 34. Re1 Rxe1 35. Kxe1 Ke5 36. Kf2 f5 37. gxf5 Kxf5 38. Ke3 h5 39. g3 g5 40. b3 cxb3 41. axb3 a4 42. bxa4 bxa4 43. c4 a3 44. c5 a2 45. c6 a1=Q 46. c7 Qc1+ 0-1

[Event "*** Titled Tuesday Blitz"]
[Site "Chess.com"]
[Date "2021.04.06"]
[Round "5"]
[White "Make_it_shine060"]
[Black "Redzishchess"]
[Result "1-0"]
[WhiteElo "2214"]
[BlackElo "2340"]
[TimeControl "180+1"]
[EndTime "10:57:50 PDT"]
[Termination "Make_it_shine060 won by resignation"]

1. d4 Nf6 2. c4 c5 3. d5 e6 4. Nc3 exd5 5. cxd5 d6 6. e4 g6 7. Nge2 Bg7 8. Ng3 h5 9. h4 a6 10. a4 O-O 11. Be2 Re8 12. Bg5 Nbd7 13. O-O Ne5 14.
f4 Neg4 15. e5 dxe5 16. f5 Qb6 17. Qc2 c4+ 18. Kh1 Nf2+ 19. Kh2 N6g4+ 20. Bxg4 Nxg4+ 21. Kh1 Bd7 22. Nce4 Rac8 23. a5 Qb3 24. Qe2 c3 25. bxc3 Bb5 26. Qf3 Bxf1 27. Rxf1 Rc4 28. fxg6 f5 29.
Qxf5 Rxe4 30. Nxe4 Qxd5 31. Qf7+ Qxf7 32. gxf7+ Kf8 33.
fxe8=Q+ Kxe8 34. Nd6+ Kd7 35. Nxb7 Kc6 36. Nd8+ Kb5 37.
Ne6 Bh8 38. Rf8 Kxa5 1-0

[Event "*** Titled Tuesday Blitz"]
[Site "Chess.com"]
[Date "2021.04.06"]
[Round "5"]
[White "Beca95"]
[Black "Skat2704"]
[Result "1-0"]
[WhiteElo "2913"]
[BlackElo "2629"]
[TimeControl "180+1"]
[EndTime "10:57:51 PDT"]
[Termination "Beca95 won by resignation"]

1. d4 d5 2. c4 e6 3. Nf3 Nf6 4. Nc3 Be7 5. Bf4 O-O 6. a3 b6 7.
e3 Bb7 8. Qc2 Nbd7 9. cxd5 exd5 10. Be2 c5 11. dxc5 bxc5 12. O-O Rc8 13. Rfd1 Nb6 14. a4 a5 15. Ne5 Nfd7 16. Bf3 Nxe5 17. Bxe5 Bd6 18. Bxd6 Qxd6 19. Qb3 Rfd8 20. Qb5 c4 21.
Qxa5 Ra8 22. Qb5 Ba6 23. Qa5 Bb7 24. Qb5 Ba6 25. Rxd5 Nxd5 26. Qxd5 Qxd5 27. Nxd5 Ra7 28. a5 Rad7 29. Nb4 Bb7 30. Be2 Rd2 31. Bxc4 Rd1+ 32.
Rxd1 Rxd1+ 33. Bf1 Ra1 34. a6 Be4 35. f3 Ra4 36. Nd3 Bc6 37. Ne5 Be8 38. Bc4 Kf8 39. b3 Ra1+ 40. Kf2 Ke7 41. Nd3 f6 42. b4 Kd6 43. b5 Bd7 44. e4 Be6 45. Bxe6 Kxe6 46.
b6 Kd6 47. b7 Rb1 48. a7 1-0

[Event "*** Titled Tuesday Blitz"]
[Site "Chess.com"]
[Date "2021.04.06"]
[Round "5"]
[White "BahadirOzen"]
[Black "Cptn2"]
[Result "0-1"]
[WhiteElo "2724"]
[BlackElo "2539"]
[TimeControl "180+1"]
[EndTime "10:57:51 PDT"]
[Termination "Cptn2 won on time"]

1. g3 d5 2. Bg2 e5 3. d3 Nc6 4.
a3 Be6 5. b4 Qd7 6. Bb2 f6 7.
Nd2 a5 8. b5 Nd8 9. c4 c6 10.
bxc6 bxc6 11. Ngf3 h5 12. cxd5 cxd5 13. O-O Bd6 14.
e4 d4 15. Nh4 Ne7 16. Nf5 Kf7 17. f4 Ndc6 18. Nxd6+ Qxd6 19. f5 Bd7 20. Nc4 Qb8 21. Rb1 Rc8 22. Qxh5+ Kg8 23. g4 Qb3 24. Nd6 Be8 25.
Nxe8 Rxe8 26. Rfd1 Rab8 27. g5 Qc2 28. g6 Rxb2 29. Rxb2 Qxb2 30. Bf3 Rb8 31. Rf1 Qd2 32. Qh7+ Kf8 33. Bd1 Rb1 34. Bg4 Rxf1+ 35. Kxf1 Qf4+ 36. Ke1 Qxg4 0-1

[Event "*** Titled Tuesday Blitz"]
[Site "Chess.com"]
[Date "2021.04.06"]
[Round "5"]
[White "CSB7"]
[Black "IANOV0007"]
[Result "1-0"]
[WhiteElo "2679"]
[BlackElo "2466"]
[TimeControl "180+1"]
[EndTime "10:57:52 PDT"]
[Termination "CSB7 won by checkmate"]

1. e4 d6 2. d4 g6 3. c4 Bg7 4. Nc3 c5 5. d5 e6 6. Nf3 Ne7 7.
h3 O-O 8. Bd3 a6 9. a4 h6 10.
Be3 Nd7 11. Qd2 Kh7 12. O-O e5 13. g4 Rb8 14. Ne1 Ng8 15. Ng2 Bf6 16. Ne2 Bg5 17.
Ng3 Bxe3 18. Qxe3 Qg5 19. Qe2 Kg7 20. f3 Re8 21. Rf2 Nf8 22. Raf1 Bd7 23. b3 Nh7 24. Kh2 Qd8 25. Qd2 b5 26. cxb5 axb5 27. axb5 Bxb5 28. Bxb5 Rxb5 29. f4 f6 30. fxe5 Rxe5 31. Ne3 Rxb3 32. Nc4 Re7 33. Qf4 Rd7 34. e5 dxe5 35. Nxe5 fxe5 36.
Qxe5+ Nhf6 37. Ne4 Rf7 38. Nxc5 Rb6 39. Ne6+ Rxe6 40. dxe6 Qc7 41. Qxc7 Rxc7 42. Rd2 Re7 43. Re1 h5 44. Kg3 hxg4 45. hxg4 Nh7 46. Kf4 Ngf6 47.
Ke5 Ne8 48. Rd7 Kf8 49. Rf1+ Nhf6 50. Rxf6+ Nxf6 51. Kxf6 Re8 52. e7+ Kg8 53. Rd8 Kh7 54. Rxe8 Kh6 55. Rh8# 1-0

[Event "*** Titled Tuesday Blitz"]
[Site "Chess.com"]
[Date "2021.04.06"]
[Round "5"]
[White "Vugar_Manafov"]
[Black "Bodnar_Mykola"]
[Result "0-1"]
[WhiteElo "2680"]
[BlackElo "2511"]
[TimeControl "180+1"]
[EndTime "10:57:53 PDT"]
[Termination "Bodnar_Mykola won by resignation"]

1. Nf3 Nf6 2. g3 g6 3. Bg2 Bg7 4. O-O O-O 5. d3 d5 6. Nc3 c5 7. e4 Nc6 8. Bg5 d4 9. Ne2 h6 10. Bd2 e5 11. Ne1 Ne8 12. f4 exf4 13. gxf4 f5 14.
e5 Nc7 15. c4 dxc3 16. bxc3 Be6 17. Rb1 Rb8 18. Be3 Qe7 19. Qa4 Bd5 20. Nf3 Ne6 21.
c4 Bxf3 22. Bxf3 g5 23. Bd5 Kh8 24. Bxc6 bxc6 25. Qxc6 Rxb1 26. Rxb1 gxf4 27. Nxf4 Qg5+ 28. Ng2 f4 29. Qxe6 fxe3 30. Re1 Rf2 31. Qc8+ Kh7 32.
Qb7 Qxe5 33. Qd5 Qxd5 34. cxd5 Bd4 35. Rf1 Rd2 36. Kh1 Rxd3 37. d6 Bc3 38. d7 e2 39.
Rg1 Rxd7 40. Ne1 Bxe1 41. Rxe1 Rd1 0-1

[Event "*** Titled Tuesday Blitz"]
[Site "Chess.com"]
[Date "2021.04.06"]
[Round "5"]
[White "kai_nov"]
[Black "lucachess49"]
[Result "1-0"]
[WhiteElo "2275"]
[BlackElo "2419"]
[TimeControl "180+1"]
[EndTime "10:57:53 PDT"]
[Termination "kai_nov won by resignation"]

1. d4 Nf6 2. c4 e6 3. Nc3 Bb4 4. f3 O-O 5. e4 c5 6. d5 d6 7.
Ne2 b5 8. a3 Ba5 9. dxe6 Bxe6 10.
cxb5 d5 11. exd5 Nxd5 12. Kf2 Nxc3 13. Qxd8 Ne4+ 14. fxe4 Rxd8 15. Be3 Nd7 16. Nf4 Bb3 17. Rc1 Nf6 18. Kf3 g5 19. Nd3 g4+ 20. Kf4 Bc7+ 21. Kf5 Kg7 22. Nxc5 Re8 23. Bd4 Be6+ 24. Nxe6+ fxe6+ 25. Kg5 Bd8 26. Bxf6+ Bxf6+ 27. Kxg4 Bxb2 28. Rc7+ Kg6 29. Bd3 Be5 30. Rc5 h5+ 31. Kh3 Bd4 32. Rc6 Rad8 33.
Rf1 Be5 34. Bc2 Rd2 35. Rc5 Bd6 36. e5+ Rxc2 37. Rxc2 Bxa3 38. Rc7 Rd8 39. Rxa7 Rd3+ 40. g3 Bc5 41. Ra6 Rd2 42. Rxe6+ Kg5 43. Ref6 1-0

[Event "*** Titled Tuesday Blitz"]
[Site "Chess.com"]
[Date "2021.04.06"]
[Round "5"]
[White "muchojogo"]
[Black "lagedema"]
[Result "1/2-1/2"]
[WhiteElo "2447"]
[BlackElo "2596"]
[TimeControl "180+1"]
[EndTime "10:57:55 PDT"]
[Termination "Game drawn by repetition"]

1. d4 Nf6 2. Bf4 e6 3. e3 d5 4.
c3 Bd6 5. Bg3 b6 6. Nd2 c5 7.
Ngf3 O-O 8. Bd3 Ba6 9. Bxa6 Nxa6 10. Bxd6 Qxd6 11. Ne5 Qc7 12. O-O Rad8 13. f4 Qb7 14. g4 Nc7 15. g5 Ne4 16. Nxe4 dxe4 17. Qh5 Nd5 18. Rae1 f6 19. gxf6 gxf6 20. Ng4 Kh8 21. Kh1 cxd4 22. exd4 Ne7 23. Ne3 f5 24. Rg1 Nd5 25.
Nxd5 exd5 26. Re3 Qf7 27. Qh6 Qf6 28. Qh5 Rg8 29. Rgg3 Rxg3 30. hxg3 b5 31. Qe2 a6 32. Kg2 Rg8 33. Qh5 Qg6 34. Qh4 h5 35. Kf2 Kh7 36.
Re1 Qg4 37. Qxg4 Rxg4 38. Rh1 Kg6 39. Rh4 a5 40. b4 a4 41. Rxg4+ fxg4 42. Ke2 Kf5 43. Ke3 Ke6 44. Ke2 Kf6 45. Kf2 Kf5 46. Ke3 Ke6 47. Ke2 Kf7 48. Kf2 Kg7 49. Ke2 Kg6 50.
Kf2 Kf5 51. Ke3 1/2-1/2

[Event "*** Titled Tuesday Blitz"]
[Site "Chess.com"]
[Date "2021.04.06"]
[Round "5"]
[White "politeplayer"]
[Black "NiranjanNavalgund"]
[Result "1/2-1/2"]
[WhiteElo "2264"]
[BlackElo "2499"]
[TimeControl "180+1"]
[EndTime "10:57:55 PDT"]
[Termination "Game drawn by agreement"]

1. f4 Nh6 2. e4 d5 3. d3 c5 4. Be2 Nc6 5. Nc3 d4 6. Nb1 g6 7.
Nd2 Bg7 8. a4 e5 9. Nc4 f5 10.
fxe5 O-O 11. Nf3 fxe4 12. dxe4 Ng4 13. Bg5 Qc7 14. O-O Be6 15. Qd2 Ncxe5 16. Nfxe5 Nxe5 17. Bf4 Kh8 18. Bg3 Bg8 19. Qg5 Bxc4 20. Bxc4 Rae8 21. Bd5 b6 22. h3 Qe7 23. Qxe7 Rxe7 24. Rxf8+ Bxf8 25. Rf1 Bg7 26. Bxe5 Bxe5 27. Rf7 Rxf7 28. Bxf7 Kg7 29. Bd5 Bf4 30. b3 Kf6 31. Kf2 Ke5 32. Kf3 h5 33. g4 hxg4+ 34. hxg4 Bc1 35. Bf7 Kf6 36. Bd5 Bh6 37. Bc6 Bf8 38. Bd5 Bd6 39.
Bc4 Kg5 40. Bd5 Kh4 41. Be6 g5 42. Bd5 Kh3 43. Bc4 Be5 44. Bd3 Kh2 45. Bc4 Kg1 46.
Bd3 Kh2 47. Bc4 Bf4 48. Bd3 Kh3 49. Bc4 Kh4 1/2-1/2